3L
CHICAGO HAWKS @ NORTHERN VIRGINIA RETRIEVERS
10/07/2019
 
TOP OF THE 1ST
Chicago Hawks batting - Pitching for Northern Virginia Retrievers : RHP Alfredo Trejo
Pitching: RHP Alfredo Trejo
Batting: LHB Motoshige Kitamura 0-0: Fly out, F5 (Popup, 5F)
Batting: LHB Paul Wilson 0-0: Ball
1-0: Called Strike
1-1: Foul Ball, location: 2F
1-2: Ball
2-2: Strikes out swinging
Batting: LHB Mal Wadley 0-0: Foul Ball, location: 2F
0-1: Ball
1-1: Foul Ball, location: 2F
1-2: Fly out, F8 (Flyball, 8RS)
Top of the 1st over - 0 run(s), 0 hit(s), 0 error(s), 0 left on base; Chicago 0 - Northern Virginia 0
BOTTOM OF THE 1ST
Northern Virginia Retrievers batting - Pitching for Chicago Hawks : RHP Jeff Reynolds
Pitching: RHP Jeff Reynolds
Batting: LHB Ye Der 0-0: Swinging Strike
0-1: Ball
1-1: Ground out 4-3 (Groundball, 4M)
Batting: LHB Roberto Salazar 0-0: Swinging Strike
0-1: Ball
1-1: Fly out, F8 (Flyball, 8LM)
Batting: RHB Carl Good 0-0: SINGLE (Groundball, 34D)
Batting: LHB John Robertson 0-0: Called Strike
0-1: 2-RUN HOME RUN (Flyball, 89D), Distance : 415 ft
Batting: RHB Kurt Chappell 0-0: Ball
1-0: Called Strike
1-1: Called Strike
1-2: Ball
2-2: Strikes out swinging
Bottom of the 1st over - 2 run(s), 2 hit(s), 0 error(s), 0 left on base; Chicago 0 - Northern Virginia 2
TOP OF THE 2ND
Chicago Hawks batting - Pitching for Northern Virginia Retrievers : RHP Alfredo Trejo
Batting: RHB Bryan Manning 0-0: SINGLE (Line Drive, 56D)
Batting: LHB Bobby Moore 0-0: Ball
1-0: Ball
2-0: Foul Ball, location: 2F
2-1: Called Strike
2-2: Ball
3-2: Foul Ball, location: 2F
3-2: Base on Balls
Bryan Manning to second
Batting: RHB Cliff Dixon 0-0: Fly out, F2 (Popup, 2LF)
Batting: RHB Ed Whitaker 0-0: Called Strike
0-1: Ball
1-1: Swinging Strike
1-2: Ball
2-2: Foul Ball, location: 2F
2-2: Strikes out looking
Batting: LHB Jeff Conklin 0-0: Foul Ball, location: 2F
0-1: Called Strike
0-2: Ground out 6-3 (Groundball, 6)
Top of the 2nd over - 0 run(s), 1 hit(s), 0 error(s), 2 left on base; Chicago 0 - Northern Virginia 2
BOTTOM OF THE 2ND
Northern Virginia Retrievers batting - Pitching for Chicago Hawks : RHP Jeff Reynolds
Batting: RHB Ed Anderson 0-0: Ball
1-0: SINGLE (Line Drive, 4M)
Batting: LHB Rick Watson 0-0: Foul Ball, location: 2F
0-1: Ball
1-1: Ball
2-1: Foul Ball, location: 2F
2-2: Grounds into double play, 4-6-3 (Groundball, 34)
Batting: RHB Donald Stanley 0-0: Ball
1-0: Swinging Strike
1-1: Ball
2-1: Ground out 5-3 (Groundball, 5)
Bottom of the 2nd over - 0 run(s), 1 hit(s), 0 error(s), 0 left on base; Chicago 0 - Northern Virginia 2
TOP OF THE 3RD
Chicago Hawks batting - Pitching for Northern Virginia Retrievers : RHP Alfredo Trejo
Batting: RHB Jeff Reynolds 0-0: Foul Ball, location: 2F
0-1: Ball
1-1: Swinging Strike
1-2: Ball
2-2: Foul Ball, location: 2F
2-2: Foul Ball, location: 2F
2-2: Foul Ball, location: 2F
2-2: Ground out 1-3 (Groundball, 15)
Batting: LHB Motoshige Kitamura 0-0: Foul Ball, location: 2F
0-1: Foul Ball, location: 2F
0-2: Ball
1-2: Foul Ball, location: 2F
1-2: Ball
2-2: SINGLE (Groundball, 4MD) (infield hit)
Batting: LHB Paul Wilson 0-0: Ball
1-0: Fielders Choice at 2nd, 3-6 (Groundball, 3)
Batting: LHB Mal Wadley 0-0: TRIPLE (Line Drive, 8RD)
Paul Wilson scores
Batting: RHB Bryan Manning 0-0: Fly out, F9 (Flyball, 9M)
Top of the 3rd over - 1 run(s), 2 hit(s), 0 error(s), 1 left on base; Chicago 1 - Northern Virginia 2
BOTTOM OF THE 3RD
Northern Virginia Retrievers batting - Pitching for Chicago Hawks : RHP Jeff Reynolds
Batting: RHB Alfredo Trejo 0-0: Called Strike
0-1: Ball
1-1: Called Strike
1-2: Strikes out swinging
Batting: LHB Ye Der 0-0: Called Strike
0-1: Ball
1-1: Foul Ball, location: 2F
1-2: Ball
2-2: Strikes out swinging
Batting: LHB Roberto Salazar 0-0: Ball
1-0: Ball
2-0: Called Strike
2-1: Fly out, F3 (Line Drive, 3)
Bottom of the 3rd over - 0 run(s), 0 hit(s), 0 error(s), 0 left on base; Chicago 1 - Northern Virginia 2
TOP OF THE 4TH
Chicago Hawks batting - Pitching for Northern Virginia Retrievers : RHP Alfredo Trejo
Batting: LHB Bobby Moore 0-0: Called Strike
0-1: Ground out 5-3 (Groundball, 5S)
Batting: RHB Cliff Dixon 0-0: Called Strike
0-1: Foul Ball, location: 2F
0-2: Fly out, F3 (Popup, 3F)
Batting: RHB Ed Whitaker 0-0: Swinging Strike
0-1: Foul Ball, location: 2F
0-2: Ground out 5-3 (Groundball, 5L)
Top of the 4th over - 0 run(s), 0 hit(s), 0 error(s), 0 left on base; Chicago 1 - Northern Virginia 2
BOTTOM OF THE 4TH
Northern Virginia Retrievers batting - Pitching for Chicago Hawks : RHP Jeff Reynolds
Batting: RHB Carl Good 0-0: Foul Ball, location: 2F
0-1: Ball
1-1: Called Strike
1-2: Ball
2-2: Foul Ball, location: 2F
2-2: Ball
3-2: Foul Ball, location: 2F
3-2: Strikes out swinging
Batting: LHB John Robertson 0-0: Swinging Strike
0-1: Ball
1-1: Ground out 4-3 (Groundball, 4M)
Batting: RHB Kurt Chappell 0-0: Ball
1-0: Ball
2-0: Fly out, F8 (Flyball, 8RD)
Bottom of the 4th over - 0 run(s), 0 hit(s), 0 error(s), 0 left on base; Chicago 1 - Northern Virginia 2
TOP OF THE 5TH
Chicago Hawks batting - Pitching for Northern Virginia Retrievers : RHP Alfredo Trejo
Batting: LHB Jeff Conklin 0-0: Ground out 4-3 (Groundball, 4)
Batting: RHB Jeff Reynolds 0-0: Ball
1-0: Called Strike
1-1: Ball
2-1: Swinging Strike
2-2: Strikes out swinging
Batting: LHB Motoshige Kitamura 0-0: Foul Ball, location: 2F
0-1: Ball
1-1: Foul Ball, location: 2F
1-2: Ground out 6-3 (Groundball, 6)
Top of the 5th over - 0 run(s), 0 hit(s), 0 error(s), 0 left on base; Chicago 1 - Northern Virginia 2
BOTTOM OF THE 5TH
Northern Virginia Retrievers batting - Pitching for Chicago Hawks : RHP Jeff Reynolds
Batting: RHB Ed Anderson 0-0: Ball
1-0: Ball
2-0: Fly out, F9 (Flyball, 89M)
Batting: LHB Rick Watson 0-0: Fly out, F4 (Popup, 4)
Batting: RHB Donald Stanley 0-0: Swinging Strike
0-1: Ball
1-1: Foul Ball, location: 2F
1-2: Foul Ball, location: 2F
1-2: Ball
2-2: Foul Ball, location: 2F
2-2: Ball
3-2: Fly out, F7 (Line Drive, 7M)
Bottom of the 5th over - 0 run(s), 0 hit(s), 0 error(s), 0 left on base; Chicago 1 - Northern Virginia 2
TOP OF THE 6TH
Chicago Hawks batting - Pitching for Northern Virginia Retrievers : RHP Alfredo Trejo
Batting: LHB Paul Wilson 0-0: Ball
1-0: Called Strike
1-1: Ground out 6-3 (Groundball, 6)
Batting: LHB Mal Wadley 0-0: Fly out, F6 (Popup, 6D)
Batting: RHB Bryan Manning 0-0: Called Strike
0-1: Ball
1-1: Ball
2-1: Called Strike
2-2: Foul Ball, location: 2F
2-2: Foul Ball, location: 2F
2-2: Ground out 6-3 (Groundball, 6)
Top of the 6th over - 0 run(s), 0 hit(s), 0 error(s), 0 left on base; Chicago 1 - Northern Virginia 2
BOTTOM OF THE 6TH
Northern Virginia Retrievers batting - Pitching for Chicago Hawks : RHP Jeff Reynolds
Batting: RHB Alfredo Trejo 0-0: Called Strike
0-1: Ball
1-1: Ball
2-1: Ball
3-1: Foul Ball, location: 2F
3-2: Fly out, F4 (Popup, 4D)
Batting: LHB Ye Der 0-0: Ball
1-0: Called Strike
1-1: Ball
2-1: Called Strike
2-2: Ground out 4-3 (Groundball, 4D)
Batting: LHB Roberto Salazar 0-0: Ball
1-0: Called Strike
1-1: Fly out, F2 (Popup, 2LF)
Bottom of the 6th over - 0 run(s), 0 hit(s), 0 error(s), 0 left on base; Chicago 1 - Northern Virginia 2
TOP OF THE 7TH
Chicago Hawks batting - Pitching for Northern Virginia Retrievers : RHP Alfredo Trejo
Batting: LHB Bobby Moore 0-0: Ball
1-0: Ball
2-0: SINGLE (Flyball, 8LS)
Batting: RHB Cliff Dixon 0-0: Sac Bunt - play at first, batter OUT! 5-4
Bobby Moore to second
Batting: RHB Ed Whitaker 0-0: Ball
1-0: Swinging Strike
1-1: Ball
2-1: Ground out 6-3 (Groundball, 6)
Batting: LHB Jeff Conklin 0-0: Ball
1-0: Called Strike
1-1: Ball
2-1: Ground out U3 (Groundball, 3)
Top of the 7th over - 0 run(s), 1 hit(s), 0 error(s), 1 left on base; Chicago 1 - Northern Virginia 2
BOTTOM OF THE 7TH
Northern Virginia Retrievers batting - Pitching for Chicago Hawks : RHP Jeff Reynolds
Batting: RHB Carl Good 0-0: Ball
1-0: Ball
2-0: Swinging Strike
2-1: Ball
3-1: Foul Ball, location: 2F
3-2: Base on Balls
Batting: LHB John Robertson 0-0: Ball
1-0: Fly out, F8 (Flyball, 8RD)
Batting: RHB Kurt Chappell 0-0: Ball
1-0: Foul Ball, location: 2F
1-1: Foul Ball, location: 2F
1-2: Foul Ball, location: 2F
1-2: Ball
2-2: Strikes out looking
Batting: RHB Ed Anderson 0-0: Called Strike
0-1: Ball
1-1: SINGLE (Groundball, 25) (infield hit)
Carl Good to second
Batting: LHB Rick Watson 0-0: Ball
1-0: Foul Ball, location: 2F
1-1: Ball
2-1: Ball
3-1: Foul Ball, location: 2F
3-2: Foul Ball, location: 2F
3-2: SINGLE (Line Drive, 34D)
Carl Good to third
Ed Anderson to second
Carl Good scores
Ed Anderson to third
Pinch Hitting: RHB Shi-young Chang 0-0: Ball
1-0: Called Strike
1-1: Swinging Strike
1-2: Fielders Choice at 2nd, U6 (Groundball, 6M)
Bottom of the 7th over - 1 run(s), 2 hit(s), 0 error(s), 2 left on base; Chicago 1 - Northern Virginia 3
TOP OF THE 8TH
Chicago Hawks batting - Pitching for Northern Virginia Retrievers : RHP Alfredo Trejo
Now at 3B: Vance Cannon
Pinch Hitting: LHB Bill Griffin 0-0: Called Strike
0-1: Ball
1-1: Foul Ball, location: 2F
1-2: Foul Ball, location: 2F
1-2: Ball
2-2: Foul Ball, location: 2F
2-2: Foul Ball, location: 2F
2-2: Ball
3-2: Strikes out swinging
Batting: LHB Motoshige Kitamura 0-0: Called Strike
0-1: SINGLE (Line Drive, 56D)
Batting: LHB Paul Wilson 0-0: Swinging Strike
0-1: Foul Ball, location: 2F
0-2: Ball
Wild Pitch!
Motoshige Kitamura to second
1-2: Ball
2-2: Fly out, F8 (Line Drive, 8LS)
Batting: LHB Mal Wadley 0-0: Ball
1-0: Called Strike
1-1: Ball
2-1: SINGLE (Groundball, 34D)
Motoshige Kitamura to third
Runner from 3rd tries for Home, SAFE, no throw or cutoff
Batting: RHB Bryan Manning 0-0: Ball
1-0: Fly out, F5 (Line Drive, 5)
Top of the 8th over - 1 run(s), 2 hit(s), 0 error(s), 1 left on base; Chicago 2 - Northern Virginia 3
BOTTOM OF THE 8TH
Northern Virginia Retrievers batting - Pitching for Chicago Hawks : RHP Jeff Reynolds
Pitching: LHP Tim Powell
Pinch Hitting: RHB Christian O'Neal 0-0: Ball
1-0: Called Strike
1-1: Foul Ball, location: 2F
1-2: Ball
2-2: Ball
3-2: Fly out, F9 (Flyball, 89D)
Batting: LHB Ye Der 0-0: Ball
1-0: Ball
2-0: Ball
3-0: Called Strike
3-1: SINGLE (Line Drive, 4M)
Pinch Hitting: RHB Ben Ross 0-0: Called Strike
0-1: Fly out, F4 (Line Drive, 4M)
Batting: RHB Carl Good 0-0: Ball
1-0: Swinging Strike
1-1: Ball
2-1: Foul Ball, location: 2F
2-2: Foul Ball, location: 2F
2-2: Strikes out looking
Bottom of the 8th over - 0 run(s), 1 hit(s), 0 error(s), 1 left on base; Chicago 2 - Northern Virginia 3
TOP OF THE 9TH
Chicago Hawks batting - Pitching for Northern Virginia Retrievers : RHP Alfredo Trejo
Pitching: RHP Lou Hartling
Now in RF: Enrique Echevarrķa
Batting: LHB Bobby Moore 0-0: Foul Ball, location: 2F
0-1: Swinging Strike
0-2: Ball
1-2: Ball
2-2: Ball
3-2: Foul Ball, location: 2F
3-2: Base on Balls
Batting: RHB Cliff Dixon 0-0: Called Strike
0-1: Ball
1-1: Sac Bunt - play at second, runner OUT! 1-6
Batting: RHB Ed Whitaker 0-0: Called Strike
0-1: Called Strike
0-2: Ball
1-2: Ball
2-2: Grounds into double play, 6-4-3 (Groundball, 6)
Top of the 9th over - 0 run(s), 0 hit(s), 0 error(s), 0 left on base; Chicago 2 - Northern Virginia 3
This league is powered by Out of the Park Baseball, the baseball management simulation game for PC, Mac and Linux
Saturday, July 25th, 2015 - OOTP Baseball 15.6 Build 34